 Dungeon Crawl Stone Soup version 0.30-a0-393-g54b8e3be05 (webtiles) character file.

Game seed: 17214381049592954482

95 funkygono the Firebug (level 4, 0/30 HPs)
             Began as a Demonspawn Fire Elementalist on Dec 5, 2022.
             Was an Initiate of Vehumet.
             Slain by an orc
             ... wielding a +0 flail
              (8 damage)
             ... on level 4 of the Dungeon.
             The game lasted 00:03:24 (3128 turns).

funkygono the Firebug (DsFE)                        Turns: 3128, Time: 00:03:25

Health: 0/30       AC:  2    Str: 14    XL:     4   Next: 40%
Magic:  1/8        EV: 12    Int: 19    God:    Vehumet [......]
Gold:   175        SH:  0    Dex: 13    Spells: 3/9 levels left

rFire   + + .      SeeInvis .    e - +3 long sword
rCold   + . .      Faith    .    (no shield)
rNeg    . . .      Spirit   .    a - +0 robe
rPois   .          Reflect  .    (helmet restricted)
rElec   .          Harm     .    r - scarf {rC+ rF+}
rCorr   .          Rampage  .    (no gloves)
Will    .....                    (no boots)
Stlth   ++........               (no amulet)
HPRegen 0.25/turn                l - ring of protection from fire
MPRegen 0.11/turn                s - +6 ring of strength

@: no status effects
A: horns 1, weakness stinger 2
a: Renounce Religion


You were on level 4 of the Dungeon.
You worshipped Vehumet.
Vehumet was noncommittal.
You visited 2 branches of the dungeon, and saw 5 of its levels.

You collected 175 gold pieces.

Inventory:

Hand Weapons
 e - a +3 long sword (weapon)
 m - a +0 morningstar
 n - a +0 whip
Armour
 a - a +0 robe (worn)
 g - a +1 plate armour of fire resistance
 p - a +0 leather armour
 r - a scarf of resistance (worn)
Magical Staves
 h - a staff of cold
Jewellery
 l - a ring of protection from fire (left hand)
 s - a +6 ring of strength (right hand)
Scrolls
 c - a scroll of enchant weapon {unknown}
 d - 2 scrolls of teleportation {unknown}
 f - 3 scrolls of identify {unknown}
 o - a scroll of poison {unknown}
 u - a scroll of amnesia {unknown}
 v - a scroll of magic mapping {unknown}
Potions
 b - 2 potions of magic
 i - 4 potions of curing {unknown}
 j - 2 potions of brilliance {unknown}
 k - a potion of berserk rage {unknown}
 q - a potion of ambrosia {unknown}
 t - a potion of flight {unknown}


   Skills:
 + Level 0.2 Fighting
 + Level 2.0 Dodging
 - Level 1.7 Stealth
 + Level 3.1 Spellcasting
 + Level 1.7 Conjurations
 + Level 3.6 Fire Magic


You had 3 spell levels left.
You knew the following spells:

 Your Spells              Type           Power      Damage    Failure   Level
a - Foxfire               Conj/Fire      52%        2x1d6     4%          1
b - Scorch                Fire           32%        2d6       5%          2
c - Kindle Blastsparks    Fire/Tloc/Air  14%        2d11      28%         3

Your spell library contained the following spells:

 Spells                   Type           Power      Damage    Failure   Level
 Inner Flame              Hex/Fire       9%         N/A       22%         3
 Flame Wave               Conj/Fire      13%        2d6       45%         4


Dungeon Overview and Level Annotations

Branches:
Dungeon (4/15)             Temple (1/1) D:4

Altars:
Ashenzari
Cheibriados
Dithmenos
Fedhas
Gozag
Hepliaklqana
Kikubaaqudgha
Makhleb
Nemelex Xobeh
Okawaru
Qazlal
Ru
Sif Muna
Trog
Uskayaw
Vehumet
Wu Jian
Xom


Innate Abilities, Weirdness & Mutations

You have a pair of small horns on your head.
You have a tail ending in a sharp stinger.


Message History

The orc hits your foxfire with a +0 hand axe.
Casting: Foxfire (safe; 4% risk of failure)
Confirm with . or Enter, or press ? or * to list all spells.
You conjure some foxfire!
The foxfire hits the orc.
The orc is severely wounded.
The foxfire hits the orc.
You kill the orc!
Vehumet accepts your kill. The orc attacks as you move away!
The orc closely misses you.
The foxfire hits the orc but does no damage.
The orc is heavily wounded.
The foxfire hits the orc.
The orc is severely wounded.
Casting: Foxfire (safe; 4% risk of failure)
Confirm with . or Enter, or press ? or * to list all spells.
You conjure some foxfire!
The orc hits you with a +0 flail. x2
Casting: Foxfire (safe; 4% risk of failure)
Confirm with . or Enter, or press ? or * to list all spells.
You conjure some foxfire!
The foxfire hits the orc but does no damage.
The orc is severely wounded.
The foxfire hits the orc but does no damage.
The orc is severely wounded.
The orc barely misses you. x2; The orc closely misses you.
Casting: Foxfire (safe; 4% risk of failure)
Confirm with . or Enter, or press ? or * to list all spells.
You conjure some foxfire!
The foxfire hits the orc.
The orc is heavily wounded.
The foxfire hits the orc but does no damage.
The orc is severely wounded.
The orc hits you with a +0 flail. The orc hits you with a +0 club.
The orc hits you with a +0 flail.
* * * LOW HITPOINT WARNING * * *
The orc attacks as you move away! The orc closely misses you.
The foxfire hits the orc but does no damage.
The orc is severely wounded.
The foxfire hits the orc.
The orc is severely wounded.
The orc attacks as you move away! The orc hits you with a +0 flail!
You die...

#.§§.≈≈≈≈≈≈..#
##§≈≈≈≈≈≈≈...##
#..§....(....##
####..#.........#
.......#......###
..............######
..#.#...##...#.)##.##
.#.#.#..##....).....#
#.#.#.#.##......@o..#
.#.>.#..##......oo.##
#.#.#.#..#.........)##
.#.#.#..............o##
..#.#....#............#
.........##..........#o.....
..##...#.............#......
#..##.#####..........# .....
..## .# ...........? ....


You could see 5 orcs.

Vanquished Creatures
  Terence (D:2)
  2 adders
  A worm (D:2)
  2 dart slugs
  2 orcs (D:4)
  4 bats
  6 endoplasms
  2 giant cockroaches (D:1)
  2 hobgoblins
  A quokka (D:3)
  5 ball pythons
  2 frilled lizards
  9 goblins
  4 kobolds
  4 rats
47 creatures vanquished.

Vanquished Creatures (others)
  144 foxfires
144 creatures vanquished.

Grand Total: 191 creatures vanquished

Notes
Turn   | Place    | Note
-------+----------+-------------------------------------------
     0 | D:1      | funkygono the Demonspawn Fire Elementalist began the quest
                  | for the Orb.
     0 | D:1      | Reached XP level 1. HP: 13/13 MP: 3/3
   427 | D:1      | Discovered your monstrous ancestry.
   427 | D:1      | Gained mutation: You have a pair of small horns on your
                  | head. [demonic ancestry]
   427 | D:1      | Reached XP level 2. HP: 19/19 MP: 1/5
   769 | D:1      | Learned a level 2 spell: Scorch
  1129 | D:2      | Gained mutation: You have a small tail. [demonic ancestry]
  1129 | D:2      | Reached XP level 3. HP: 24/24 MP: 3/6
  1226 | D:2      | Noticed Terence
  1240 | D:2      | Killed Terence
  1736 | D:2      | Gained mutation: You have a tail ending in a sharp stinger.
                  | [demonic ancestry]
  1736 | D:2      | Reached XP level 4. HP: 30/30 MP: 5/8
  1740 | D:2      | Learned a level 3 spell: Kindle Blastsparks
  2643 | D:4      | Found a staircase to the Ecumenical Temple.
  2652 | Temple   | Entered the Ecumenical Temple
  2858 | Temple   | Became a worshipper of Vehumet
  3030 | D:4      | Found a broken altar of Ashenzari.
  3128 | D:4      | Slain by an orc

Illustrated notes

Levels and vault maps discovered:
D:1:      ebering_trefoil_3fold, layout_loops_ring
D:2:      layout_rooms, uniq_terence
D:3:      layout_loops_ring
D:4:      layout_cave_pools, mainiacjoe_overflow_catwalk,
          minmay_temple_entry_grid, minmay_vboxes
Temple:   mainiacjoe_temple_cubbyholes

Skill      XL: |  1  2  3  4 |
---------------+-------------+-----
Fire Magic     | 3 |  3.6
Dodging        | 2 |  2.0
Spellcasting   | 3 |  3.1
Fighting       | |  0.2
Stealth        | |  1.7
Conjurations   | |  1.7

Action                   |  1- 3 |  4- 6 || total
-------------------------+-------+-------++-------
Melee: Mace              |     7 |       ||     7
       Headbutt          |     1 |       ||     1
 Cast: Foxfire           |    54 |    31 ||    85
       Scorch            |     3 |     5 ||     8
Armor: Robe              |     1 |       ||     1
Dodge: Dodged            |    13 |     8 ||    21

Table legend: (Time is in decaauts)
 A = Elapsed time spent in this place.
 B = Non-inter-level travel time spent in this place.
 C = Inter-level travel time spent in this place.
 D = Time resting spent in this place.
 E = Time spent auto-exploring this place.
 F = Levels seen in this place.
 G = Mean time per level.
                   A        B        C        D        E       F      G
               +--------+--------+--------+--------+--------+-----+--------+
         Total |   3127 |   2974 |    153 |      0 |   2620 |   5 |  625.4 |
       Dungeon |   2764 |   2665 |     99 |      0 |   2326 |   4 |  691.0 |
        Temple |    363 |    310 |     53 |      0 |    294 |   1 |  363.0 |
               +--------+--------+--------+--------+--------+-----+--------+

Top non-repeatable levels by time:
     D:1: 1069 daAuts
     D:2: 769 daAuts
     D:3: 763 daAuts
  Temple: 363 daAuts
     D:4: 162 daAuts
